 Dungeon Crawl Stone Soup version 0.29-a0-995-g8a7feb118f (webtiles) character file.

Game seed: 17993506469741447001

1154 Essalna the Insei (level 8, -1/62 HPs)
             Began as a White Draconian Transmuter on Aug 4, 2022.
             Was a Follower of Hepliaklqana.
             Succumbed to a kobold brigand's poison
             ... on level 7 of the Dungeon.
             The game lasted 00:10:09 (5844 turns).

Essalna the Insei (White Draconian Transmuter)      Turns: 5844, Time: 00:10:10

Health: -1/62      AC:  7    Str: 12    XL:     8   Next: 16%
Magic:  11/11      EV: 12    Int: 16    God:    Hepliaklqana [*.....]
Gold:   341        SH:  0    Dex: 12    Spells: 6/11 levels left

rFire   . . .      SeeInvis .     - Unarmed
rCold   + + .      Faith    .   (no shield)
rNeg    . . .      Spirit   .   (body armour unavailable)
rPois   .          Reflect  .   (helmet currently unavailable)
rElec   .          Harm     .   (no cloak)
rCorr   +          Rampage  .   e - +0 pair of gloves
Will    .....                   (boots currently unavailable)
Stlth   +.........              (no amulet)
HPRegen 0.20/turn               g - ring of protection from cold
MPRegen 0.12/turn               m - ring of resist corrosion

@: mighty, lethally poisoned (-1 -> -7), about to teleport, appendages
A: horns 2, talons 2, reduced essence, breathe frost, AC +6, unfitting armour,
cold resistance 1, cold-blooded
a: Breathe Frost, End Transformation, Renounce Religion, Recall Ancestor,
Ancestor Identity


You were on level 7 of the Dungeon.
You worshipped Hepliaklqana.
Hepliaklqana was aware of your devotion.
You had temporarily grown beastly horns and talons.
You visited 1 branch of the dungeon, and saw 7 of its levels.

You collected 341 gold pieces.

Inventory:

Armour
 e - a +0 pair of gloves (worn)
Jewellery
 g - a ring of protection from cold (left hand)
 m - a ring of resist corrosion (right hand)
Wands
 q - a wand of polymorph (7)
 s - a wand of iceblast (11)
 t - a wand of charming (2)
Scrolls
 f - 2 scrolls of silence
 j - 2 scrolls of noise
 l - 2 scrolls of teleportation
 o - a scroll of torment {unknown}
 p - 2 scrolls of magic mapping
 r - 2 scrolls of identify
Potions
 a - 3 potions of lignification
 b - 2 potions of magic {unknown}
 c - 2 potions of haste
 i - 3 potions of mutation
 k - a potion of berserk rage
 n - 3 potions of attraction


   Skills:
 + Level 5.5 Fighting
 - Level 1.7 Dodging
 + Level 5.9 Unarmed Combat
 - Level 2.0 Spellcasting
 + Level 5.4 Transmutations
 + Level 4.4 Ice Magic


You had 6 spell levels left.
You knew the following spells:

 Your Spells              Type           Power      Damage    Failure   Level
a - Beastly Appendage     Tmut           36%        N/A       2%          1
b - Ice Form              Ice/Tmut       17%        N/A       26%         4

Your spell library contained the following spells:

 Spells                   Type           Power      Damage    Failure   Level
 Wereblood                Tmut           18%        N/A       3%          2
 Slow                     Hex            4%         N/A       21%         1
 Spider Form              Tmut/Pois      10%        N/A       21%         3
 Blink                    Tloc           2%         N/A       30%         2
 Confusing Touch          Hex            1%         N/A       52%         3
 Lesser Beckoning         Tloc           1%         N/A       52%         3
 Vampiric Draining        Necr           1%         2d6       52%         3
 Blade Hands              Tmut           9%         N/A       52%         5
 Irradiate                Conj/Tmut      5%         3d13      88%         5
 Manifold Assault         Tloc           1%         N/A       99%         5
 Dragon Form              Tmut           9%         N/A       100%        7


Dungeon Overview and Level Annotations

Branches:
Dungeon (7/15)             Temple (0/1) D:4

Altars:
Dithmenos
Elyvilon
Hepliaklqana
Wu Jian
Xom

Shops:
D:5 (*:


Innate Abilities, Weirdness & Mutations

You have temporarily grown beastly horns and talons.
Your life essence is reduced to manifest your ancestor. (-10% HP)
You can breathe waves of freezing cold which knock back foes.
Your icy white scales are hard. (AC +6)
You cannot fit into any form of body armour.
Your flesh is cold resistant. (rC+)
You are cold-blooded and may be slowed by cold attacks.


Message History

You hit something but do no damage.
An orc wizard appears from thin air!
Reactivating autopickup.
Something hits you but does no damage.
Deactivating autopickup; reactivate with Ctrl-A.
Something hits you.
You closely miss something. You claw something.
Reactivating autopickup.
You feel a bit more experienced. Something hits you.
Deactivating autopickup; reactivate with Ctrl-A.
Your life force feels restored.
The kobold zaps a wand.
The mass of ice explodes!
The iceblast engulfs something!
The iceblast engulfs you! You partially resist.
Things that are here:
a +0 dagger; a +0 robe; an orc corpse The kobold brigand throws a poisoned dart.
Reactivating autopickup.
The orc misses you. The orc hits you with a +0 hand axe.
* * * LOW HITPOINT WARNING * * *
You closely miss the orc. You claw the orc.
You kill the orc!
The orc hits you with a +0 trident!
* * * LOW HITPOINT WARNING * * *
The orc priest invokes the aid of Beogh against you.
Beogh smites you!
* * * LOW HITPOINT WARNING * * *
Okay, then.
As you read the scroll of teleportation, it crumbles to dust.
You feel strangely unstable. The orc barely misses you.
You feel better. The orc hits you with a +0 trident.
* * * LOW HITPOINT WARNING * * *
The kobold brigand attacks as you move away!
The kobold brigand barely misses you.
The kobold brigand throws a poisoned dart.
The poisoned dart hits you!
You are lethally poisoned!
The orc hits you from afar with a +0 trident.
* * * LOW HITPOINT WARNING * * *
The orc priest looks encouraged for a moment.
You feel very mighty all of a sudden.
You die...

#.# #.# #.# #.#
##.## ... #.#
###@###### ##
#..).......o.
#K#o#o####.#
#K#K.....{o#
#K#o#.###Ko#
#.##.oo..###....K
#.....o............
######.######......
#.# ##.#.#


You could see a kobold brigand, an orc priest, an orc wizard, 4 orcs and 2
kobolds.

Vanquished Creatures
  Sigmund (D:2)
  A black bear (D:6)
  3 ogres
  3 scorpions
  An orc priest (D:6)
  A jelly (D:6)
  5 iguanas
  An orc wizard (D:7)
  8 adders
  2 shadow imps (D:6)
  An ufetubus (D:4)
  3 worms
  5 dart slugs
  7 orcs
  2 bats (D:2)
  8 endoplasms
  2 giant cockroaches
  9 goblins
  13 hobgoblins
  3 jackals (D:4)
  A quokka (D:5)
  A ball python (D:4)
  2 frilled lizards
  6 kobolds
  3 rats
92 creatures vanquished.

Vanquished Creatures (collateral kills)
  A phantom (D:6)
  An orc (D:7)
2 creatures vanquished.

Vanquished Creatures (others)
  An orc wizard (D:7)
  An ancestor (D:7)
  14 fungi (D:5)
16 creatures vanquished.

Grand Total: 110 creatures vanquished

Notes
Turn   | Place    | Note
-------+----------+-------------------------------------------
     0 | D:1      | Essalna the Draconian Transmuter began the quest for the
                  | Orb.
     0 | D:1      | Reached XP level 1. HP: 16/16 MP: 3/3
   569 | D:1      | Reached XP level 2. HP: 20/23 MP: 3/5
   930 | D:2      | Reached XP level 3. HP: 13/29 MP: 6/6
  1264 | D:2      | Noticed Sigmund
  1279 | D:2      | Killed Sigmund
  1280 | D:2      | Reached XP level 4. HP: 19/38 MP: 7/7
  1280 | D:2      | Reached XP level 5. HP: 23/45 MP: 8/8
  1292 | D:2      | Learned a level 4 spell: Ice Form
  1988 | D:3      | Found a white marble altar of Elyvilon.
  2231 | D:3      | Found a faded altar of an unknown god.
  2443 | D:3      | Reached XP level 6. HP: 46/52 MP: 7/9
  2741 | D:4      | Reached skill level 1 in Ice Magic
  3223 | D:4      | You fall into a shaft and drop 1 floor!
  3223 | D:5      | Entered Level 5 of the Dungeon
  3281 | D:5      | Found an ornate altar of the Wu Jian Council.
  3392 | D:5      | Reached skill level 5 in Unarmed Combat
  3392 | D:5      | Your scales start taking on an icy white colour.
  3392 | D:5      | Reached XP level 7. HP: 39/60 MP: 8/10
  3392 | D:5      | Gained mutation: Your flesh is cold resistant. (rC+) [White
                  | Draconian growth]
  3624 | D:5      | Found Denkoqen's Assorted Antiques.
  3744 | D:5      | Found Muari's Book Boutique.
  3879 | D:5      | Found Gotao's Weapon Emporium.
  4493 | D:4      | Found a hazy altar of Hepliaklqana.
  4554 | D:4      | Became a worshipper of Hepliaklqana the Forgotten
  4612 | D:4      | Found a staircase to the Ecumenical Temple.
  4726 | D:6      | Reached skill level 5 in Fighting
  4726 | D:6      | Reached skill level 5 in Transmutations
  5225 | D:6      | Reached XP level 8. HP: 62/68 MP: 11/11
  5314 | D:6      | Reached * piety under Hepliaklqana
  5531 | D:6      | Found a shadowy altar of Dithmenos.
  5547 | D:6      | Found a shimmering altar of Xom.
  5840 | D:7      | HP: 1/62 [orc priest/divine providence (9)]
  5844 | D:7      | Succumbed to a kobold brigand's poison

Illustrated notes

Levels and vault maps discovered:
D:1:      dpeg_arrival_lava_altar, layout_loops_ring
D:2:      cheibrodos_greedy_goblins, layout_loops_ring,
          minmay_misc_feat_diagonals, minmay_circle_x, uniq_sigmund
D:3:      layout_rooms, elyvilon_altar_3, chequers_ecumenical_altar_twisty,
          kennysheep_generic_room_2
D:4:      layout_loops_corners, mainiacjoe_overflow_paths,
          minmay_temple_entry_antechambers
D:5:      layout_loops_ring, mainiacjoe_overflow_boulevard, serial_shops,
          nicolae_shop_trees, nicolae_shop_overgrown_old_shop,
          nicolae_diamond_shop, serial_aquarium, aquarium_bridge_long_separate
          [aquarium_subvault_bridge, aquarium_subvault_bridge,
          aquarium_subvault_window, aquarium_subvault_bridge,
          aquarium_subvault_wall, aquarium_subvault_bridge],
          aquarium_bridge_straight [aquarium_subvault_bridge,
          aquarium_subvault_wall, aquarium_subvault_bridge,
          aquarium_subvault_wall], aquarium_window_fake, aquarium_window_2,
          aquarium_view_2d, aquarium_balcony_double_2
D:6:      layout_gridville, mainiacjoe_overflow_swirl
D:7:      layout_loops_ring

Skill      XL: |  1  2  3  4  5  6  7 |
---------------+----------------------+-----
Fighting       | 2 3 4 5 |  5.5
Unarmed Combat | 4 5 |  5.9
Transmutations | 3 4 5 |  5.4
Ice Magic      | 2 4 |  4.4
Dodging        | |  1.7
Spellcasting   | |  2.0

Action                   |  1- 3 |  4- 6 |  7- 9 || total
-------------------------+-------+-------+-------++-------
Melee: Unarmed           |    56 |   119 |   111 ||   286
       Kick              |    12 |    30 |    34 ||    76
       Headbutt          |     6 |    13 |    15 ||    34
       Tailslap          |     4 |    14 |    13 ||    31
       Punch             |     1 |     4 |     3 ||     8
 Cast: Beastly Appendage |    11 |    26 |    17 ||    54
 Abil: Breathe Frost     |       |       |     4 ||     4
  Use: Scroll            |       |    15 |     1 ||    16
       Potion            |       |       |     2 ||     2
Armor: Skin              |    15 |    51 |    38 ||   104
Dodge: Dodged            |    38 |    67 |    54 ||   159

Table legend: (Time is in decaauts)
 A = Elapsed time spent in this place.
 B = Non-inter-level travel time spent in this place.
 C = Inter-level travel time spent in this place.
 D = Time resting spent in this place.
 E = Time spent auto-exploring this place.
 F = Levels seen in this place.
 G = Mean time per level.
                   A        B        C        D        E       F      G
               +--------+--------+--------+--------+--------+-----+--------+
         Total |   5823 |   5563 |    260 |      0 |   4840 |   7 |  831.9 |
       Dungeon |   5823 |   5563 |    260 |      0 |   4840 |   7 |  831.9 |
               +--------+--------+--------+--------+--------+-----+--------+

Top non-repeatable levels by time:
     D:2: 1234 daAuts
     D:5: 1201 daAuts
     D:6: 1076 daAuts
     D:4: 985 daAuts
     D:1: 738 daAuts
     D:3: 541 daAuts
     D:7: 45 daAuts
